 Dungeon Crawl Stone Soup version 0.30.1-4-g462c640d31 (webtiles) character file.

Game seed: 2656431494283521010

55617 spardeous the Thaumaturge (level 14, -4/114 HPs)
             Began as a Demigod Conjurer on Aug 18, 2023.
             Killed from afar by an efreet (20 damage)
             ... with a fireball
             ... on level 14 of the Dungeon.
             The game lasted 00:36:26 (23196 turns).

spardeous the Thaumaturge (Demigod Conjurer)       Turns: 23196, Time: 00:36:26

Health: -4/114     AC: 11    Str: 25    XL:     14   Next: 6%
Magic:  27/37      EV: 11    Int: 24    God:
Gold:   1481       SH:  0    Dex: 12    Spells: 25/41 levels left

rFire   . . .        W - staff of conjuration
rCold   . . .        (no shield)
rNeg    + . .        V - +1 ring mail of Mumblety Peg {Regen+ Str+5}
rPois   .            q - +2 helmet
rElec   .            (no cloak)
rCorr   .            e - +1 pair of gloves
SInv    +            (no boots)
Will    ++...        Q - amulet of the acrobat
Stlth   +            H - ring of willpower
HPRegen 1.19/turn    a - ring "Umokur" {rN+ SInv}
MPRegen 0.25/turn

%: acrobat
@: studying Unarmed Combat
A: high MP 1, forlorn, divine attributes
a: no special abilities


You were on level 14 of the Dungeon.
You visited 1 branch of the dungeon, and saw 14 of its levels.
You also visited: Bailey.

You collected 1825 gold pieces.
You spent 344 gold pieces at shops.

Inventory:

Hand Weapons
 k - a +0 whip
 x - a +2 dagger of protection
 C - a +5 halberd of freezing
 F - the +1 hand axe of Qoakkuuc {flame, rElec rC++ Dex-3}
   (You found it on level 6 of the Dungeon)

   Dex:       It affects your dexterity (-3).
   rC:        It greatly protects you from cold.
   rElec:     It insulates you from electricity.
 M - a +3 hand axe
 X - a +0 broad axe
Missiles
 w - 4 throwing nets
Armour
 e - a +1 pair of gloves (worn)
 q - a +2 helmet (worn)
 t - a +3 leather armour of positive energy
 R - a +0 robe of the Archmagi
 V - the +1 ring mail of Mumblety Peg (worn) {Regen+ Str+5}
   (You bought it in a shop on level 9 of the Dungeon)

   Str:       It affects your strength (+5).
   Regen:     It increases your rate of health regeneration.
Magical Staves
 W - a staff of conjuration (weapon)
Jewellery
 a - the ring "Umokur" (right hand) {rN+ SInv}
   (You took it off a tengu warrior on level 11 of the Dungeon)

   [ring of positive energy]

   rN:        It protects you from negative energy.
   SInv:      It lets you see invisible.
 H - a ring of willpower (left hand)
 Q - an amulet of the acrobat (around neck)
Wands
 l - a wand of paralysis (3)
 y - a wand of flame (33)
 K - a wand of roots (13)
 U - a wand of light (3)
Scrolls
 c - a scroll of summoning {unknown}
 d - a scroll of fear
 g - 2 scrolls of vulnerability
 i - 5 scrolls of magic mapping {unknown}
 j - 3 scrolls of immolation {unknown}
 p - 4 scrolls of teleportation {unknown}
 r - a scroll of brand weapon {unknown}
 s - 2 scrolls of enchant armour
 D - a scroll of identify
 E - a scroll of acquirement
 I - 3 scrolls of enchant weapon {unknown}
 L - 4 scrolls of amnesia {unknown}
 N - 4 scrolls of fog {unknown}
 O - a scroll of poison
 P - 2 scrolls of blinking {unknown}
 S - a scroll of torment {unknown}
 T - a scroll of noise
Potions
 b - 2 potions of magic
 f - a potion of resistance {unknown}
 h - 7 potions of flight
 m - 10 potions of curing
 n - 6 potions of berserk rage {unknown}
 o - 6 potions of attraction {unknown}
 u - 3 potions of brilliance
 v - a potion of ambrosia {unknown}
 z - 2 potions of might
 A - 5 potions of mutation {unknown}
 B - 3 potions of lignification
 G - a potion of cancellation {unknown}
 J - 2 potions of invisibility
Miscellaneous
 Y - a piece from Xom's chessboard (15/15)


   Skills:
 - Level 7.8 Fighting
 - Level 1.7 Dodging
 - Level 1.7 Stealth
 - Level 14.1 Spellcasting
 - Level 11.0 Conjurations
 + Level 0.5 Necromancy
 - Level 10.0 Translocations
 + Level 0.5 Transmutations


You had 25 spell levels left.
You knew the following spells:

 Your Spells              Type           Power      Damage    Failure   Level
a - Magic Dart            Conj           100%       1d8       1%          1
b - Searing Ray           Conj           100%       2d8       1%          2
c - Iskenderun's Mystic   Conj/Tloc      79%        2d16      1%          4
d - Fulminant Prism       Conj/Hex       30%        3d16      5%          4
e - Sting                 Tmut/Pois      72%        1d6       4%          1
f - Dispel Undead         Necr           19%        3d11      41%         4

Your spell library contained the following spells:

 Spells                   Type           Power      Damage    Failure   Level
 Kiss of Death            Conj/Necr      100%       2d13      1%          1
 Blink                    Tloc           100%       N/A       1%          2
 Lesser Beckoning         Tloc           100%       N/A       1%          2
 Momentum Strike          Conj/Tloc      100%       3d10      1%          2
 Dazzling Flash           Conj/Hex       100%       N/A       1%          3
 Mephitic Cloud           Conj/Pois/Air  51%        N/A       3%          3
 Cigotuvi's Dreadful Rot  Necr/Pois/Air  34%        N/A       8%          2
 Poisonous Vapours        Pois/Air       32%        N/A       9%          2
 Confusing Touch          Hex            16%        N/A       16%         3
 Ignite Poison            Fire/Tmut/Pois 17%        N/A       16%         3
 Summon Forest            Summ/Tloc      20%        N/A       19%         5
 Freezing Cloud           Conj/Ice/Air   25%        6-21      32%         5
 Olgreb's Toxic Radiance  Pois           16%        N/A       47%         4
 Eringya's Noxious Bog    Tmut/Pois      9%         N/A       100%        6
 Summon Hydra             Summ           8%         N/A       100%        7


Dungeon Overview and Level Annotations

Branches:
Dungeon (14/15)            Temple (0/1) D:5            Lair (0/5) D:11
    Orc (0/2) D:9          Bailey (visited)
 Vaults: D:13-14

Shops:
D:1 (   D:9 [

Annotations:
D:4 Pikel
D:10 1 transporter


Innate Abilities, Weirdness & Mutations

You have an increased reservoir of magic. (+10% MP)
You shall have no god before yourself.
Your divine heritage dramatically boosts your attributes as you level up.


Message History

The centaur warrior shoots an arrow.
The arrow hits you!
Your fulminant prism explodes!
The blast of energy engulfs the centaur warrior!!
The centaur warrior is heavily wounded.
You hear a bellow!
You hear a shout!
You take 16 damage, and have 69/114 hp.
Casting: Fulminant Prism (dangerous; 5% risk of failure)
Confirm with . or Enter, or press ? or * to list all spells.
Aiming: Fulminant Prism (dangerous; 5% risk of failure)
Press: ? - help, Dir - move target You feel a surge of power!
You conjure a prism of explosive energy!
A fulminant prism comes into view.
You now have 30/37 mp.
Unknown command.
The centaur warrior shoots an arrow.
The arrow hits you!
The centaur warrior shoots an arrow.
The arrow hits you.
Your fulminant prism crackles loudly.
You take 14 damage, and have 56/114 hp.
Your fulminant prism explodes!
The blast of energy engulfs the centaur warrior!!
The centaur warrior is almost dead.
An efreet opens the door.
Casting: Fulminant Prism (dangerous; 5% risk of failure)
Confirm with . or Enter, or press ? or * to list all spells.
Aiming: Fulminant Prism (dangerous; 5% risk of failure)
Press: ? - help, Dir - move target You feel a surge of power!
You conjure a prism of explosive energy!
A fulminant prism comes into view.
The centaur warrior shoots an arrow.
The arrow closely misses you. The efreet gestures at you.
The fireball explodes!
The fireball engulfs you!!
* * * LOW HITPOINT WARNING * * *
You take 31 damage, and have 26/114 hp.
MASSIVE DAMAGE!!
You now have 26/37 mp.
The centaur warrior shoots an arrow.
The arrow hits you!
* * * LOW HITPOINT WARNING * * *
The efreet gestures at you.
The fireball explodes!
The fireball engulfs you!!
You die...

............#
............#
............#
............#
.......).*..#
.......).c..###
#............
#)...@.......
..'............
.R#.....(......
#............
#.#####+#....
#. .... # ...
?.


You could see a centaur warrior (ally target), an efreet and a friendly
fulminant prism.

Vanquished Creatures
  Nessos (D:12)
  An ogre mage (D:11)
  2 boulder beetles
  8 two-headed ogres
  A centaur warrior (D:13)
  A tengu warrior (D:11)
  3 deep elf pyromancers
  An ugly thing (D:13)
  6 cyclopes
  4 gargoyles
  2 unseen horrors
  2 kobold demonologists (D:13)
  6 trolls
  A freezing wraith (D:11)
  A hornet (D:9)
  Grinder (D:4)
  A tarantella (shapeshifter) (D:13)
  2 shadows
  Sigmund (D:3)
  2 wyverns
  8 yaks
  A wraith (D:12)
  4 vampires
  A steam dragon (D:7)
  9 vampire mosquitoes
  3 basilisks
  2 acid dragons
  Menkaure (D:5)
  4 wargs (D:13)
  A water moccasin (D:7)
  5 orc warriors
  2 sky beasts
  3 black bears
  9 wolves
  8 centaurs
  8 ogres
  4 lemures
  9 kobold brigands
  7 gnoll sergeants (Bailey)
  2 scorpions
  12 wights
  7 killer bees
  6 howler monkeys
  5 electric eels
  8 orc priests
  2 jellies
  8 gnoll boudas (Bailey)
  8 hounds
  4 iguanas
  2 sleepcaps
  23 orc wizards
  22 gnolls
  5 adders
  2 shadow imps (D:6)
  3 ufetubi
  A worm (D:4)
  A dart slug (D:3)
  42 orcs
  6 bats
  9 endoplasms
  4 giant cockroaches
  9 goblins
  7 hobgoblins
  2 jackals (D:3)
  39 kobolds
  3 quokkas
  7 ball pythons
  3 frilled lizards
  5 rats
393 creatures vanquished.

Vanquished Creatures (others)
  2 fulminant prisms (D:14)
2 creatures vanquished.

Grand Total: 395 creatures vanquished

Notes
Turn   | Place    | Note
-------+----------+-------------------------------------------
     0 | D:1      | spardeous the Demigod Conjurer began the quest for the Orb.
     0 | D:1      | Reached XP level 1. HP: 14/14 MP: 5/5
     1 | D:1      | Noticed an electric eel
   142 | D:1      | Reached XP level 2. HP: 6/20 MP: 1/7
   606 | D:1      | Learned a level 2 spell: Searing Ray
   682 | D:1      | Found Liuluaf's Weapon Shop.
   970 | D:1      | Reached XP level 3. HP: 26/26 MP: 6/8
   989 | D:1      | Noticed a shadow demon
  1226 | D:2      | Reached skill level 5 in Conjurations
  1519 | D:2      | Reached XP level 4. HP: 33/33 MP: 7/9
  2436 | D:3      | Noticed Sigmund
  2441 | D:3      | Killed Sigmund
  2442 | D:3      | Reached XP level 5. HP: 29/38 MP: 3/10
  2879 | D:4      | Learned a level 4 spell: Iskenderun's Mystic Blast
  3215 | D:4      | Reached XP level 6. HP: 44/45 MP: 3/11
  3399 | D:4      | Noticed Grinder
  3401 | D:4      | Paralysed by Grinder for 5 turns
  3410 | D:4      | Paralysed by Grinder for 3 turns
  3456 | D:4      | Noticed Pikel
  3483 | D:3      | HP: 1/45 [lemure[Pikel] (2)]
  4032 | D:4      | Paralysed by Grinder for 4 turns
  4145 | D:4      | Killed Grinder
  4578 | D:5      | Entered Level 5 of the Dungeon
  4581 | D:5      | Reached XP level 7. HP: 50/50 MP: 8/12
  4876 | D:5      | Noticed Menkaure
  4884 | D:5      | Killed Menkaure
  5439 | D:5      | Found a staircase to the Ecumenical Temple.
  5479 | D:5      | Reached skill level 1 in Translocations
  5908 | D:6      | Reached skill level 2 in Spellcasting
  6186 | D:6      | Reached XP level 8. HP: 39/57 MP: 11/14
  6330 | D:6      | Identified the +1 hand axe of Qoakkuuc {flame, rElec rC++
                  | Dex-3}
  6646 | D:6      | Learned a level 4 spell: Fulminant Prism
  6648 | D:6      | Learned a level 1 spell: Sting
  6695 | D:6      | Reached skill level 3 in Spellcasting
  7120 | D:7      | Reached skill level 5 in Translocations
  7178 | D:7      | Reached skill level 4 in Spellcasting
  7367 | D:7      | Found a flagged portal.
  7400 | Bailey   | Entered a bailey
  7408 | Bailey   | Reached XP level 9. HP: 59/62 MP: 7/18
  8600 | Bailey   | Reached skill level 5 in Spellcasting
  9592 | Bailey   | Learned a level 4 spell: Dispel Undead
 10783 | D:7      | Reached skill level 6 in Spellcasting
 10783 | D:7      | Reached XP level 10. HP: 49/69 MP: 3/22
 12669 | D:9      | Reached skill level 10 in Translocations
 12786 | D:9      | Found a staircase to the Orcish Mines.
 12788 | D:9      | Found Ekiguwn's Armour Shoppe.
 12802 | D:9      | Bought the +1 ring mail of Mumblety Peg {Regen+ Str+5} for
                  | 344 gold pieces
 13069 | D:9      | Reached skill level 7 in Spellcasting
 13902 | D:9      | Identified a scroll of acquirement
 13931 | D:10     | Entered Level 10 of the Dungeon
 14164 | D:10     | Noticed a cyclops
 14181 | D:10     | Killed a cyclops
 14187 | D:10     | Reached skill level 10 in Conjurations
 14541 | D:10     | Noticed a two-headed ogre
 14542 | D:10     | Noticed a two-headed ogre
 14542 | D:10     | Noticed a deep elf pyromancer
 14554 | D:10     | Killed a two-headed ogre
 14554 | D:10     | Killed a two-headed ogre
 14555 | D:10     | Reached skill level 8 in Spellcasting
 14555 | D:10     | Reached XP level 11. HP: 36/74 MP: 9/27
 14556 | D:10     | Killed a deep elf pyromancer
 15922 | D:10     | Found a transporter.
 15922 | D:10     | Noticed a yaktaur captain
 15953 | D:10     | Reached skill level 5 in Fighting
 15953 | D:10     | Reached skill level 10 in Spellcasting
 15953 | D:10     | Reached XP level 12. HP: 93/93 MP: 28/30
 15954 | D:10     | Reached skill level 12 in Spellcasting
 15954 | D:10     | Reached XP level 13. HP: 99/99 MP: 29/34
 17360 | D:11     | Identified the ring "Umokur" {rN+ SInv}
 17523 | D:11     | Reached skill level 13 in Spellcasting
 17623 | D:11     | Found a staircase to the Lair.
 17726 | D:11     | Identified the +0 plate armour "Uperuw" {Str+2}
 19017 | D:11     | Found a staircase to the Lair.
 20370 | D:12     | Reached skill level 14 in Spellcasting
 20435 | D:12     | Noticed Nessos
 20456 | D:12     | Killed Nessos
 22178 | D:13     | Reached XP level 14. HP: 100/113 MP: 18/37
 23196 | D:14     | Killed from afar by an efreet

Illustrated notes

Levels and vault maps discovered:
D:1:      arrival_aquarium_a, layout_basic, serial_shops, shop,
          dreamdust_ecumenical_altar_sealed_demon, st_stairs_9,
          chequers_serial_rivers_micro_d
D:2:      layout_basic, chequers_serial_rivers_small_3, minmay_quantized
D:3:      layout_rooms, mainiacjoe_overflow_catwalk, uniq_sigmund
D:4:      layout_loops_ring, minmay_ruptured, uniq_pikel, uniq_grinder
D:5:      layout_rooms, mainiacjoe_overflow_surrounded_room,
          minmay_temple_entry_mist, dk_vineyard_3,
          amcnicky_mini_corridor_feature, eino_tiny_chamber, uniq_menkaure
D:6:      layout_rooms
D:7:      layout_gridville, enter_bailey_7, nicolae_elevator_lobby_asterisk
D:8:      layout_basic
D:9:      lemuel_ogre_cave, layout_irregular_city,
          nicolae_overflow_hallway_of_the_gods,
          mainiacjoe_overflow_six_doors_small, orc_david_3, fountainhead,
          nicolae_nh_ransacked_shop
D:10:     minmay_polygon_palace, layout_basic, grunt_nemelex_the_gamble
D:11:     minmay_the_grid_octo_triangle [minmay_the_grid_octo_pinwheel,
          minmay_the_grid_octo_prize_big_c, minmay_the_grid_octo_fat_diamond],
          layout_cave_pods, erik_lair_island
D:12:     layout_irregular_city, uniq_nessos
D:13:     layout_cave_pools, nooodl_orcs_dogs
D:14:     layout_irregular_city, david_vaults_2,
          nicolae_dithmenos_shadow_blocks, uniq_snorg

Skill      XL: |  1  2  3  4  5  6  7  8  9 10 11 12 13 |
---------------+----------------------------------------+-----
Conjurations   | 4 5 6 8 9 10 11 | 11.0
Translocations | 2 6 9 10 | 10.0
Spellcasting   | 2 4 6 8 10 12 14 | 14.1
Fighting       | 5 7 |  7.8
Dodging        | |  1.7
Stealth        | |  1.7
Necromancy     | |  0.5
Transmutations | |  0.5

Action                     |  1- 3 |  4- 6 |  7- 9 | 10-12 | 13-15 || total
---------------------------+-------+-------+-------+-------+-------++-------
  Melee: Whip              |       |     3 |     6 |       |       ||     9
         Halberd           |       |       |    35 |    86 |       ||   121
         Dagger            |       |       |     1 |       |       ||     1
         Staff             |       |       |       |     8 |     6 ||    14
   Cast: Magic Dart        |    76 |    68 |    27 |       |       ||   171
         Searing Ray       |       |    22 |    83 |     3 |     7 ||   115
         Iskenderun's Myst |       |       |    49 |   134 |   170 ||   353
         Sting             |       |       |       |       |    10 ||    10
         Fulminant Prism   |       |       |       |       |     3 ||     3
    Use: Scroll            |       |       |       |    11 |     4 ||    15
         Potion            |       |       |       |     6 |     4 ||    10
   Stab: Distracted        |       |       |     1 |       |       ||     1
         Sleeping          |       |       |     1 |       |       ||     1
 Armour: Ring mail         |     4 |    19 |    28 |    33 |    26 ||   110
         Robe              |     1 |       |       |       |       ||     1
         Steam dragon scal |       |       |    21 |    37 |       ||    58
  Dodge: Dodged            |    13 |    31 |   135 |   103 |   172 ||   454
